Map: New Repugnancy LE

Players

Reynor - Winner!

  • Race: Zerg Zerg
  • League: Master
  • Spawn Location: 1:00

Namshar

  • Race: Zerg Zerg
  • League: Grandmaster
  • Spawn Location: 7:00

Event: 2019 WCS Winter Europe

VOD

Have the link to the VOD?

Description

Time

  • Played on: Feb. 14, 2019, 11:23 a.m.
  • Length: 9:56

All games in this series

Show
View Real Time Build Order
Export as new Build Order

Reynor Zerg - Winner!

Build Orders: Hatch First, Zergling Baneling 

Get SALT Encoding   

  12  0:00  Drone  
  13  0:13  Overlord  
  13  0:17  Drone  
  14  0:31  Drone x2  
  16  0:49  Hatchery  
  15  0:52  Drone  
  15  0:55  Drone  
  17  0:59  Drone  
  18  1:09  Extractor  
  17  1:15  Spawning Pool  
  17  1:18  Drone  
  17  1:21  Drone  
  18  1:28  Drone  
  19  1:40  Drone  
  20  1:49  Overlord  
  20  2:02  Queen x2, Zergling x4  
  26  2:12  Drone x2  
  26  2:13  Metabolic Boost  
  28  2:22  Drone x2  
  30  2:38  Drone  
  30  2:40  Drone  
  30  2:42  Hatchery  
  30  2:43  Drone  
  32  2:47  Overlord  
  32  2:54  Drone  
  32  2:55  Drone  
  34  3:03  Baneling Nest  
  33  3:07  Drone  
  33  3:09  Zergling x2  
  33  3:10  Zergling x6  
  33  3:11  Zergling x2  
  39  3:15  Overlord  
  39  3:17  Zergling x2  
  40  3:20  Drone  
  40  3:21  Zergling x2  
  42  3:27  Zergling x2  
  42  3:29  Drone  
  44  3:39  Zergling x4  
  46  3:46  Zergling x10  
  51  3:49  Zergling x2  
  49  3:56  Zergling x6  
  47  4:04  Baneling x2  
  47  4:06  Queen  
  47  4:08  Zergling x6  
  52  4:10  Baneling x2  
  52  4:14  Drone x2  
  52  4:15  Drone  
  55  4:26  Drone x2  
  55  4:28  Overlord  
  55  4:33  Evolution Chamber  
  55  4:36  Drone x2  
  55  4:38  Drone x2  
  58  4:39  Overlord  
  58  4:46  Overlord, Baneling  
  58  4:47  Baneling x3  
  58  4:51  Drone x2  
  58  4:52  Drone  
  61  4:53  Drone x2  
  61  4:55  Drone  
  61  4:59  Zerg Missile Weapons Level 1  
  63  5:02  Zergling x4  
  64  5:14  Drone x2  
  64  5:15  Drone x2  
  64  5:16  Drone x2  
  64  5:20  Zergling x4  
  63  5:23  Zergling x6  
  63  5:24  Zergling x2  
  63  5:26  Baneling, Extractor  
  63  5:27  Extractor, Roach Warren  
  61  5:29  Drone x3  
  61  5:30  Baneling  
  61  5:31  Drone x2  
  61  5:34  Overlord  
  67  5:35  Drone  
  67  5:36  Drone x2  
  67  5:42  Overlord  
  69  5:45  Zergling x4  
  71  5:52  Extractor  
  71  5:54  Baneling  
  71  5:55  Baneling, Zergling x2  
  71  5:56  Zergling x8  
  75  6:02  Baneling x2  
  75  6:09  Zergling x10  
  78  6:13  Overlord  
  78  6:20  Roach  
  78  6:21  Roach x7  
  92  6:37  Roach x3  
  92  6:38  Roach  
  93  6:44  Roach x2  
  93  6:46  Roach  
  93  6:47  Roach x2  
  94  6:49  Roach  
  94  6:51  Baneling  
  94  6:53  Zergling x2  
  93  6:54  Queen  
  93  6:56  Zergling x2  
  93  6:58  Baneling  
  93  6:59  Baneling x2, Zergling x2  
  97  7:01  Spine Crawler x2  
  97  7:04  Roach  
  97  7:06  Roach  
  99  7:10  Roach  
  100  7:17  Zergling x2  
  100  7:18  Zergling x2  
  100  7:22  Roach  
  100  7:25  Zergling x6  
  100  7:28  Zergling x4  
  100  7:32  Lair  
  100  7:33  Roach  
  93  7:38  Roach x2  
  93  7:43  Roach x2  
  93  7:44  Roach  
  101  7:49  Drone x2  
  102  7:52  Drone  
  102  7:53  Drone x2  
  102  7:57  Overlord  
  105  8:00  Hatchery, Overlord  
  105  8:02  Drone  
  105  8:07  Overlord  
  105  8:15  Overlord  
  105  8:16  Drone x6  
  105  8:19  Drone  
  112  8:24  Drone x4  
  111  8:28  Roach x2, Extractor  
  111  8:32  Glial Reconstitution  
  111  8:34  Drone  
  110  8:36  Roach  
  110  8:37  Extractor  
  110  8:39  Roach  
  110  8:40  Roach x3  
  113  8:46  Roach  
  111  8:48  Roach  
  111  8:50  Roach x2  
  111  8:51  Roach  
  111  8:54  Roach  
  109  8:59  Roach x2  
  109  9:00  Roach  
  111  9:08  Roach x3  
  111  9:09  Roach  
  113  9:11  Roach  
  113  9:12  Roach  
  113  9:15  Ravager x4  
  121  9:19  Roach x2  
  121  9:20  Roach  
  121  9:23  Roach  
  129  9:25  Roach x2  
  129  9:30  Roach x2  
  137  9:33  Roach x2  
  137  9:37  Overlord  
Show
View Real Time Build Order
Export as new Build Order

Namshar Zerg 

Build Orders: Hatch First 

Get SALT Encoding   

  12  0:00  Drone  
  13  0:12  Overlord  
  13  0:17  Drone  
  14  0:30  Drone x2  
  16  0:47  Hatchery  
  15  0:50  Drone  
  15  0:54  Drone  
  17  0:57  Drone  
  18  1:07  Extractor  
  17  1:12  Spawning Pool  
  17  1:15  Drone  
  17  1:19  Drone  
  18  1:27  Drone  
  19  1:38  Drone  
  20  1:49  Drone  
  21  1:59  Overlord, Queen x2, Drone  
  26  2:07  Metabolic Boost  
  26  2:10  Drone  
  26  2:11  Drone  
  28  2:23  Zergling x4  
  30  2:32  Hatchery  
  30  2:34  Drone  
  30  2:36  Zergling x2  
  31  2:42  Drone  
  32  2:47  Overlord  
  32  2:56  Overlord  
  32  3:08  Zergling x4  
  32  3:09  Zergling x12  
  32  3:10  Zergling x2  
  41  3:16  Baneling Nest  
  40  3:22  Queen  
  42  3:28  Drone x2  
  44  3:42  Drone x2  
  44  3:43  Drone x3  
  49  3:50  Drone x4  
  51  3:58  Zergling x6  
  51  4:01  Zergling x2  
  51  4:09  Zergling x2  
  52  4:11  Baneling x2  
  52  4:18  Baneling x2  
  52  4:20  Drone  
  52  4:22  Drone  
  52  4:24  Evolution Chamber  
  53  4:28  Drone x6  
  49  4:31  Drone  
  49  4:32  Drone x2  
  52  4:39  Drone x3  
  55  4:50  Overlord x2  
  55  4:52  Zerg Missile Weapons Level 1  
  55  4:53  Extractor x2  
  55  4:55  Baneling  
  52  5:00  Drone  
  52  5:01  Drone x4  
  52  5:06  Overlord  
  52  5:07  Overlord  
  53  5:23  Zergling x12  
  53  5:24  Zergling x6  
  61  5:33  Roach Warren  
  60  5:38  Zergling x4  
  60  5:39  Overlord  
  62  5:51  Baneling x2  
  62  5:52  Baneling x2  
  62  6:00  Overlord  
  57  6:14  Roach x13  
  57  6:15  Roach  
  85  6:18  Overlord  
  85  6:21  Baneling  
  85  6:22  Roach, Baneling  
  85  6:24  Roach  
  88  6:36  Roach, Zergling x12  
  90  6:40  Zergling x6  
  88  6:47  Zergling x4  
  89  6:55  Lair  
  89  6:56  Drone x4  
  92  7:02  Overlord  
  92  7:03  Drone x2  
  92  7:04  Drone  
  92  7:05  Drone  
  96  7:12  Drone  
  95  7:15  Drone  
  93  7:23  Drone  
  93  7:24  Drone x5  
  92  7:31  Drone x6  
  92  7:35  Queen  
  88  7:43  Roach  
  88  7:44  Roach x3  
  94  7:46  Roach  
  96  7:52  Spine Crawler  
  96  7:54  Roach x2  
  96  7:55  Spine Crawler  
  96  7:57  Roach  
  98  8:00  Roach x2  
  98  8:03  Glial Reconstitution  
  103  8:05  Ravager  
  98  8:13  Roach x5  
  98  8:16  Roach  
  107  8:20  Roach x4  
  107  8:26  Roach  
  101  8:35  Roach x2  
  101  8:37  Roach x3  
  101  8:38  Roach  
  92  8:42  Roach  
  92  8:45  Roach  
  92  8:47  Roach x2  
  92  8:55  Roach x3  
  83  9:00  Roach  
  83  9:05  Roach  
  83  9:06  Roach  
  87  9:11  Roach  
  87  9:12  Roach  
  87  9:13  Roach  
  93  9:19  Roach x2  
  97  9:25  Roach x2  
  97  9:31  Roach x2  
  103  9:35  Drone x4  
Tags
 
Add a new tag
Caveats
  • Supply blocks, unpowered buildings, or Contaminate may cause inaccurate times.
  • Supply counts are checked every 10 seconds.